3119 views
Uploaded 2020-07-09 11:02:40
Game version 1.32.6 / 1.32.7
18:43 long 4on4 ladder game on (8)Deadlock_LV
Saved by Immortalsoul
3119 views
Uploaded 2020-07-09 11:02:40
Game version 1.32.6 / 1.32.7
18:43 long 4on4 ladder game on (8)Deadlock_LV


149 units @ 19k
/ 2.1k
83 buildings @ 12.1k
/ 4.9k
⇛
GodLikeSoul
(5)
(18:42) : 

| Scroll of Regeneration | 2 | 200 |
| Lesser Clarity Potion | 1 | 70 |
| total: | 3 | 270g |
| Peasant | 29 | 2175 | / | 0 |
| Footman | 5 | 675 | / | 0 |
| Rifleman | 9 | 1845 | / | 270 |
| total: | 43 | 4695g | / | 270w |
| Scout Tower | 6 | 180 | / | 120 |
| Arcane Tower | 1 | 70 | / | 50 |
| Guard Tower | 3 | 210 | / | 150 |
| Altar of Kings | 1 | 180 | / | 50 |
| Barracks | 2 | 320 | / | 120 |
| Farm | 12 | 960 | / | 240 |
| Town Hall | 3 | 1155 | / | 615 |
| Blacksmith | 1 | 140 | / | 60 |
| Arcane Vault | 1 | 130 | / | 30 |
| Lumber Mill | 1 | 120 | / | 0 |
| Workshop | 2 | 280 | / | 280 |
| Keep | 2 | 640 | / | 420 |
| total: | 29 | 3465g | / | 1515w |
| 0:09 | Peasant |
| 0:19 | Altar of Kings |
| 0:26 | Peasant |
| 0:26 | Peasant |
| 0:28 | Barracks |
| 0:36 | Peasant |
| 0:43 | Farm |
| 0:54 | Peasant |
| 0:58 | Farm |
| 1:13 | Peasant |
| 1:29 | Footman |
| 1:40 | Peasant |
| 1:48 | Footman |
| 1:57 | Scout Tower |
| 1:59 | Peasant |
| 2:12 | Farm |
| 2:20 | Farm |
| 2:26 | Peasant |
| 2:27 | Peasant |
| 2:28 | Arcane Tower |
| 2:31 | Summon Water Elemental |
| 2:46 | Peasant |
| 2:48 | Farm |
| 3:22 | Peasant |
| 3:23 | Footman |
| 3:35 | Peasant |
| 3:35 | Footman |
| 3:57 | Town Hall |
| 4:01 | Town Hall |
| 4:21 | Blacksmith |
| 4:24 | Peasant |
| 4:35 | Peasant |
| 4:50 | Footman |
| 4:54 | Barracks |
| 5:18 | Arcane Vault |
| 5:29 | Peasant |
| 5:31 | Peasant |
| 5:33 | Farm |
| 5:54 | Rifleman |
| 5:56 | Brilliance Aura |
| 6:12 | Rifleman |
| 6:14 | Black Gunpowder |
| 6:39 | Rifleman |
| 7:01 | Lumber Mill |
| 7:04 | Keep |
| 7:21 | Rifleman |
| 7:25 | Scroll of Regeneration |
| 7:28 | Scout Tower |
| 7:30 | Scout Tower |
| 7:34 | Scout Tower |
| 8:07 | Defend |
| 8:12 | Guard Tower |
| 8:17 | Farm |
| 8:19 | Peasant |
| 8:20 | Peasant |
| 8:45 | Guard Tower |
| 9:03 | Summon Water Elemental |
| 9:13 | Rifleman |
| 9:15 | Farm |
| 9:16 | Farm |
| 9:16 | Farm |
| 10:03 | Long Rifles |
| 10:05 | Improved Lumber Harvesting |
| 10:21 | Improved Masonry |
| 10:25 | Scout Tower |
| 10:26 | Scout Tower |
| 10:30 | Workshop |
| 10:34 | Workshop |
| 11:01 | Siphon Mana |
| 12:21 | Brilliance Aura |
| 12:23 | Scroll of Regeneration |
| 12:23 | Lesser Clarity Potion |
| 12:51 | Town Hall |
| 13:16 | Summon Water Elemental |
| 13:29 | Rifleman |
| 14:00 | Rifleman |
| 14:04 | Peasant |
| 14:04 | Peasant |
| 14:04 | Peasant |
| 14:05 | Peasant |
| 14:07 | Peasant |
| 14:07 | Peasant |
| 14:49 | Farm |
| 15:40 | Peasant |
| 15:56 | Guard Tower |
| 15:59 | Peasant |
| 16:11 | Studded Leather Armor |
| 16:39 | Peasant |
| 16:56 | Farm |
| 17:16 | Peasant |
| 17:53 | Rifleman |
| 17:56 | Keep |
| 18:25 | Flame Strike |
| 18:33 | Mass Teleport |
| 18:41 | Rifleman |
| Right click | 793 |
| Select | 431 |
| Select group | 323 |
| Misc. action | 301 |
| Build/train/purchase | 139 |
| Assign group | 64 |
| Resource trade | 48 |
| Use ability | 42 |
| Chat | 29 |
| Minimap ping | 14 |
| Esc | 4 |
| Item give/drop | 1 |



| Potion of Healing | 3 | 450 |
| Potion of Mana | 3 | 600 |
| Scroll of Healing | 2 | 500 |
| Scroll of Town Portal | 1 | 350 |
| Periapt of Vitality | 1 | 325 |
| Scroll of Protection | 1 | 150 |
| Boots of Speed | 1 | 250 |
| Rod of Necromancy | 1 | 150 |
| total: | 13 | 2775g |
| Peasant | 24 | 1800 | / | 0 |
| Footman | 2 | 270 | / | 0 |
| Rifleman | 8 | 1640 | / | 240 |
| Flying Machine | 6 | 600 | / | 180 |
| total: | 40 | 4310g | / | 420w |
| Scout Tower | 1 | 30 | / | 20 |
| Arcane Tower | 1 | 70 | / | 50 |
| Altar of Kings | 1 | 180 | / | 50 |
| Barracks | 3 | 480 | / | 180 |
| Farm | 10 | 800 | / | 200 |
| Blacksmith | 1 | 140 | / | 60 |
| Town Hall | 4 | 1540 | / | 820 |
| Arcane Vault | 1 | 130 | / | 30 |
| Lumber Mill | 1 | 120 | / | 0 |
| Workshop | 3 | 420 | / | 420 |
| Keep | 1 | 320 | / | 210 |
| Castle | 1 | 360 | / | 210 |
| total: | 25 | 3840g | / | 1780w |
| 0:01 | Peasant |
| 0:02 | Peasant |
| 0:09 | Altar of Kings |
| 0:21 | Barracks |
| 0:23 | Peasant |
| 0:33 | Farm |
| 0:43 | Peasant |
| 0:48 | Farm |
| 0:54 | Peasant |
| 1:22 | Peasant |
| 1:24 | Footman |
| 1:37 | Peasant |
| 1:44 | Footman |
| 1:55 | Peasant |
| 2:03 | Peasant |
| 2:05 | Blacksmith |
| 2:14 | Storm Bolt |
| 2:19 | Farm |
| 2:30 | Peasant |
| 2:52 | Barracks |
| 3:19 | Rifleman |
| 3:23 | Peasant |
| 3:24 | Farm |
| 3:42 | Thunder Clap |
| 3:54 | Town Hall |
| 3:59 | Peasant |
| 4:29 | Rifleman |
| 4:52 | Peasant |
| 4:53 | Peasant |
| 5:11 | Keep |
| 5:32 | Rifleman |
| 5:36 | Peasant |
| 6:10 | Storm Bolt |
| 6:18 | Rifleman |
| 6:22 | Farm |
| 6:22 | Farm |
| 6:27 | Arcane Vault |
| 6:35 | Black Gunpowder |
| 6:38 | Peasant |
| 6:38 | Peasant |
| 7:46 | Castle |
| 7:52 | Thunder Clap |
| 8:19 | Refined Gunpowder |
| 8:36 | Peasant |
| 8:36 | Peasant |
| 8:37 | Peasant |
| 8:47 | Potion of Healing |
| 8:49 | Rod of Necromancy |
| 8:52 | Potion of Healing |
| 8:55 | Potion of Mana |
| 8:57 | Potion of Mana |
| 9:04 | Town Hall |
| 9:10 | Scout Tower |
| 9:14 | Lumber Mill |
| 9:16 | Farm |
| 9:18 | Barracks |
| 10:01 | Siphon Mana |
| 10:05 | Long Rifles |
| 10:06 | Rifleman |
| 10:08 | Arcane Tower |
| 10:27 | Rifleman |
| 10:29 | Peasant |
| 10:29 | Peasant |
| 10:55 | Peasant |
| 11:23 | Peasant |
| 11:55 | Potion of Healing |
| 11:56 | Potion of Mana |
| 11:57 | Scroll of Healing |
| 12:07 | Rifleman |
| 12:11 | Workshop |
| 12:16 | Workshop |
| 12:20 | Devotion Aura |
| 12:43 | Workshop |
| 13:13 | Rifleman |
| 13:15 | Storm Bolt |
| 13:18 | Flame Strike |
| 13:25 | Flak Cannons |
| 13:25 | Flying Machine Bombs |
| 13:25 | Flying Machine |
| 14:14 | Flying Machine |
| 14:16 | Imbued Gunpowder |
| 14:37 | Divine Shield |
| 14:53 | Flying Machine |
| 15:12 | Siphon Mana |
| 15:34 | Farm |
| 15:36 | Farm |
| 15:36 | Farm |
| 15:38 | Studded Leather Armor |
| 16:05 | Flying Machine |
| 16:39 | Periapt of Vitality |
| 16:40 | Scroll of Protection |
| 16:46 | Town Hall |
| 16:55 | Flying Machine |
| 17:24 | Devotion Aura |
| 17:49 | Town Hall |
| 18:18 | Scroll of Healing |
| 18:18 | Boots of Speed |
| 18:19 | Scroll of Town Portal |
| 18:40 | Flying Machine |
| Select group | 1051 |
| Right click | 545 |
| Select | 283 |
| Build/train/purchase | 104 |
| Misc. action | 58 |
| Use ability | 34 |
| Assign group | 27 |
| Minimap ping | 4 |
| Item give/drop | 1 |
| Remove unit | 1 |


| Rod of Necromancy | 1 | 150 |
| Dust of Appearance | 1 | 75 |
| Scroll of Town Portal | 1 | 350 |
| Scroll of Healing | 2 | 500 |
| Potion of Lesser Invulnerability | 1 | 150 |
| Scroll of Regeneration | 1 | 100 |
| total: | 7 | 1325g |
| Acolyte | 17 | 1275 | / | 0 |
| Ghoul | 7 | 840 | / | 0 |
| Crypt Fiend | 3 | 645 | / | 120 |
| Gargoyle | 8 | 1400 | / | 240 |
| Frost Wyrm | 3 | 1155 | / | 360 |
| total: | 38 | 5315g | / | 720w |
| Nerubian Tower | 1 | 100 | / | 20 |
| Spirit Tower | 2 | 290 | / | 80 |
| Crypt | 2 | 400 | / | 100 |
| Altar of Darkness | 1 | 180 | / | 50 |
| Ziggurat | 7 | 1050 | / | 350 |
| Tomb of Relics | 1 | 130 | / | 30 |
| Graveyard | 1 | 215 | / | 0 |
| Necropolis | 2 | 450 | / | 0 |
| Sacrificial Pit | 1 | 75 | / | 150 |
| Boneyard | 2 | 350 | / | 400 |
| Halls of the Dead | 1 | 320 | / | 210 |
| Black Citadel | 1 | 325 | / | 230 |
| total: | 17 | 2850g | / | 1080w |
| 0:02 | Acolyte |
| 0:02 | Acolyte |
| 0:13 | Crypt |
| 0:15 | Altar of Darkness |
| 0:24 | Ziggurat |
| 0:33 | Acolyte |
| 0:33 | Acolyte |
| 0:58 | Tomb of Relics |
| 1:15 | Ghoul |
| 1:32 | Ghoul |
| 1:37 | Graveyard |
| 1:39 | Ghoul |
| 1:53 | Ziggurat |
| 2:06 | Ghoul |
| 2:06 | Ghoul |
| 2:16 | Carrion Beetles |
| 2:20 | Rod of Necromancy |
| 2:36 | Ghoul |
| 2:50 | Acolyte |
| 3:13 | Ghoul |
| 3:15 | Acolyte |
| 3:56 | Impale |
| 4:08 | Halls of the Dead |
| 4:50 | Crypt Fiend |
| 5:02 | Ziggurat |
| 5:15 | Necropolis |
| 5:29 | Necropolis |
| 5:42 | Crypt Fiend |
| 6:06 | Carrion Beetles |
| 6:41 | Dust of Appearance |
| 7:01 | Crypt Fiend |
| 7:04 | Acolyte |
| 7:05 | Acolyte |
| 7:14 | Scroll of Regeneration |
| 7:51 | Acolyte |
| 7:51 | Acolyte |
| 7:52 | Ziggurat |
| 8:07 | Acolyte |
| 8:17 | Acolyte |
| 8:19 | Ziggurat |
| 8:20 | Ziggurat |
| 9:02 | Death Coil |
| 9:06 | Acolyte |
| 9:06 | Acolyte |
| 9:07 | Nerubian Tower |
| 9:09 | Black Citadel |
| 9:20 | Acolyte |
| 9:52 | Acolyte |
| 9:55 | Spirit Tower |
| 9:57 | Ziggurat |
| 10:19 | Crypt |
| 10:32 | Acolyte |
| 10:38 | Sacrificial Pit |
| 10:39 | Creature Attack |
| 10:50 | Spirit Tower |
| 11:22 | Gargoyle |
| 11:38 | Boneyard |
| 11:48 | Gargoyle |
| 11:48 | Improved Creature Attack |
| 11:57 | Unholy Aura |
| 12:31 | Gargoyle |
| 12:44 | Gargoyle |
| 12:45 | Boneyard |
| 13:19 | Gargoyle |
| 13:44 | Web |
| 14:13 | Frost Wyrm |
| 14:13 | Gargoyle |
| 14:43 | Impale |
| 14:55 | Gargoyle |
| 14:56 | Frost Wyrm |
| 15:34 | Death Coil |
| 15:41 | Creature Carapace |
| 16:01 | Frost Wyrm |
| 16:25 | Scroll of Town Portal |
| 16:25 | Scroll of Healing |
| 16:26 | Potion of Lesser Invulnerability |
| 16:26 | Scroll of Healing |
| 17:03 | Gargoyle |
| 17:05 | Advanced Creature Attack |
| 17:51 | Freezing Breath |
| 18:40 | Impale |
| Select group | 2180 |
| Right click | 1189 |
| Select | 658 |
| Misc. action | 235 |
| Build/train/purchase | 106 |
| Assign group | 50 |
| Use ability | 34 |
| Resource trade | 22 |
| Minimap ping | 19 |
| Chat | 5 |
| Item give/drop | 3 |
| Esc | 3 |


| Rod of Necromancy | 2 | 300 |
| Ritual Dagger | 1 | 125 |
| Orb of Corruption | 1 | 375 |
| Potion of Healing | 1 | 150 |
| Scroll of Town Portal | 4 | 1400 |
| Scroll of Healing | 2 | 500 |
| total: | 11 | 2850g |
| Acolyte | 8 | 600 | / | 0 |
| Ghoul | 2 | 240 | / | 0 |
| Crypt Fiend | 15 | 3225 | / | 600 |
| Obsidian Statue | 3 | 600 | / | 105 |
| total: | 28 | 4665g | / | 705w |
| Nerubian Tower | 2 | 200 | / | 40 |
| Spirit Tower | 1 | 145 | / | 40 |
| Graveyard | 2 | 430 | / | 0 |
| Crypt | 1 | 200 | / | 50 |
| Altar of Darkness | 1 | 180 | / | 50 |
| Ziggurat | 6 | 900 | / | 300 |
| Tomb of Relics | 1 | 130 | / | 30 |
| Slaughterhouse | 1 | 140 | / | 135 |
| Halls of the Dead | 1 | 320 | / | 210 |
| Black Citadel | 2 | 650 | / | 460 |
| total: | 12 | 1980g | / | 565w |
| 0:01 | Acolyte |
| 0:07 | Graveyard |
| 0:08 | Graveyard |
| 0:16 | Acolyte |
| 0:17 | Crypt |
| 0:48 | Altar of Darkness |
| 0:57 | Ziggurat |
| 1:18 | Ghoul |
| 1:27 | Tomb of Relics |
| 1:50 | Crypt Fiend |
| 2:03 | Ziggurat |
| 2:22 | Crypt Fiend |
| 2:22 | Crypt Fiend |
| 2:32 | Nerubian Tower |
| 2:48 | Death Coil |
| 2:53 | Acolyte |
| 3:03 | Rod of Necromancy |
| 3:25 | Crypt Fiend |
| 3:47 | Crypt Fiend |
| 3:51 | Unholy Aura |
| 4:14 | Ziggurat |
| 4:15 | Ziggurat |
| 4:38 | Halls of the Dead |
| 4:51 | Ghoul |
| 4:51 | Crypt Fiend |
| 4:56 | Creature Attack |
| 4:56 | Improved Creature Attack |
| 5:21 | Crypt Fiend |
| 5:41 | Creature Carapace |
| 5:50 | Crypt Fiend |
| 5:50 | Crypt Fiend |
| 6:18 | Death Coil |
| 6:22 | Crypt Fiend |
| 7:16 | Crypt Fiend |
| 7:41 | Crypt Fiend |
| 7:55 | Unholy Aura |
| 8:00 | Slaughterhouse |
| 8:27 | Black Citadel |
| 9:13 | Frost Nova |
| 9:19 | Crypt Fiend |
| 9:24 | Ziggurat |
| 9:38 | Scroll of Town Portal |
| 9:49 | Ritual Dagger |
| 9:50 | Rod of Necromancy |
| 10:04 | Advanced Creature Attack |
| 10:13 | Web |
| 10:35 | Obsidian Statue |
| 10:35 | Obsidian Statue |
| 11:33 | Obsidian Statue |
| 11:40 | Orb of Corruption |
| 12:01 | Scroll of Town Portal |
| 12:03 | Potion of Healing |
| 12:03 | Scroll of Healing |
| 13:25 | Crypt Fiend |
| 13:29 | Spirit Tower |
| 13:56 | Frost Armor |
| 13:58 | Crypt Fiend |
| 14:19 | Improved Creature Carapace |
| 14:21 | Ziggurat |
| 14:40 | Unholy Aura |
| 14:52 | Unholy Aura |
| 15:06 | Frost Nova |
| 15:18 | Acolyte |
| 15:18 | Acolyte |
| 15:18 | Acolyte |
| 15:18 | Acolyte |
| 15:19 | Acolyte |
| 15:55 | Scroll of Town Portal |
| 16:08 | Advanced Creature Carapace |
| 18:03 | Scroll of Town Portal |
| 18:03 | Scroll of Healing |
| Select group | 658 |
| Right click | 610 |
| Misc. action | 266 |
| Select | 252 |
| Build/train/purchase | 86 |
| Use ability | 57 |
| Assign group | 39 |
| Minimap ping | 20 |
| Chat | 7 |
| Remove unit | 1 |
126 units @ 18.5k
/ 2.6k
57 buildings @ 10.1k
/ 3.8k



| Rod of Necromancy | 3 | 450 |
| Orb of Corruption | 1 | 375 |
| Dust of Appearance | 1 | 75 |
| Scroll of Town Portal | 2 | 700 |
| Potion of Lesser Invulnerability | 1 | 150 |
| Alleria's Flute of Accuracy | 1 | 400 |
| The Lion Horn of Stormwind | 1 | 400 |
| Mantle of Intelligence +3 | 1 | 100 |
| total: | 11 | 2650g |
| Acolyte | 7 | 525 | / | 0 |
| Ghoul | 6 | 720 | / | 0 |
| Crypt Fiend | 4 | 860 | / | 160 |
| Frost Wyrm | 4 | 1540 | / | 480 |
| total: | 21 | 3645g | / | 640w |
| Nerubian Tower | 2 | 200 | / | 40 |
| Spirit Tower | 2 | 290 | / | 80 |
| Crypt | 1 | 200 | / | 50 |
| Graveyard | 1 | 215 | / | 0 |
| Altar of Darkness | 2 | 360 | / | 100 |
| Ziggurat | 6 | 900 | / | 300 |
| Tomb of Relics | 1 | 130 | / | 30 |
| Necropolis | 1 | 225 | / | 0 |
| Sacrificial Pit | 1 | 75 | / | 150 |
| Boneyard | 2 | 350 | / | 400 |
| Halls of the Dead | 1 | 320 | / | 210 |
| Black Citadel | 2 | 650 | / | 460 |
| total: | 15 | 2455g | / | 1030w |
| 0:08 | Acolyte |
| 0:16 | Crypt |
| 0:19 | Graveyard |
| 0:24 | Acolyte |
| 0:48 | Altar of Darkness |
| 1:04 | Ziggurat |
| 1:17 | Ghoul |
| 1:30 | Tomb of Relics |
| 1:55 | Crypt Fiend |
| 2:08 | Ziggurat |
| 2:29 | Crypt Fiend |
| 2:53 | Rod of Necromancy |
| 2:56 | Death Coil |
| 3:10 | Ghoul |
| 3:12 | Acolyte |
| 3:30 | Crypt Fiend |
| 3:57 | Halls of the Dead |
| 3:59 | Unholy Aura |
| 4:14 | Necropolis |
| 4:35 | Rod of Necromancy |
| 5:10 | Nerubian Tower |
| 5:18 | Death Coil |
| 5:19 | Crypt Fiend |
| 5:45 | Ziggurat |
| 5:53 | Acolyte |
| 5:53 | Acolyte |
| 6:04 | Ziggurat |
| 6:56 | Acolyte |
| 6:56 | Acolyte |
| 6:58 | Ziggurat |
| 7:28 | Ziggurat |
| 7:31 | Black Citadel |
| 7:47 | Frost Nova |
| 7:51 | Rod of Necromancy |
| 7:51 | Dust of Appearance |
| 7:57 | Nerubian Tower |
| 7:58 | Spirit Tower |
| 7:59 | Ghoul |
| 8:15 | Ghoul |
| 8:18 | Sacrificial Pit |
| 8:46 | Spirit Tower |
| 8:47 | Ghoul |
| 9:25 | Web |
| 9:26 | Ghoul |
| 9:37 | Unholy Aura |
| 9:39 | Frost Armor |
| 9:49 | Alleria's Flute of Accuracy |
| 9:50 | The Lion Horn of Stormwind |
| 9:52 | Mantle of Intelligence +3 |
| 10:03 | Boneyard |
| 10:07 | Boneyard |
| 10:17 | Orb of Corruption |
| 10:24 | Creature Attack |
| 10:47 | Scroll of Town Portal |
| 10:57 | Impale |
| 11:34 | Frost Wyrm |
| 12:05 | Creature Carapace |
| 12:06 | Improved Creature Attack |
| 12:09 | Frost Nova |
| 12:10 | Spiked Carapace |
| 12:33 | Frost Wyrm |
| 12:56 | Potion of Lesser Invulnerability |
| 13:28 | Improved Creature Carapace |
| 13:49 | Frost Wyrm |
| 14:15 | Frost Wyrm |
| 14:18 | Scroll of Town Portal |
| 15:24 | Altar of Darkness |
| Select group | 1415 |
| Right click | 826 |
| Select | 244 |
| Misc. action | 77 |
| Build/train/purchase | 74 |
| Use ability | 33 |
| Assign group | 28 |
| Resource trade | 12 |
| Item give/drop | 3 |
| Remove unit | 1 |


| Scroll of Town Portal | 1 | 350 |
| total: | 1 | 350g |
| Wisp | 9 | 540 | / | 0 |
| Chimaera | 13 | 4290 | / | 910 |
| total: | 22 | 4830g | / | 910w |
| Altar of Elders | 1 | 180 | / | 50 |
| Moon Well | 7 | 1260 | / | 280 |
| Chimaera Roost | 3 | 420 | / | 570 |
| Tree of Ages | 1 | 320 | / | 180 |
| Tree of Eternity | 1 | 330 | / | 200 |
| total: | 11 | 1860g | / | 900w |
| 0:01 | Wisp |
| 0:02 | Altar of Elders |
| 0:16 | Wisp |
| 0:16 | Moon Well |
| 0:21 | Wisp |
| 0:32 | Wisp |
| 0:54 | Wisp |
| 1:16 | Wisp |
| 1:16 | Wisp |
| 1:16 | Wisp |
| 1:19 | Moon Well |
| 1:39 | Wisp |
| 2:12 | Tree of Ages |
| 2:32 | Moon Well |
| 2:46 | Searing Arrows |
| 2:57 | Moon Well |
| 2:58 | Moon Well |
| 3:00 | Moon Well |
| 4:33 | Tree of Eternity |
| 6:26 | Pocket Factory |
| 6:54 | Chimaera Roost |
| 6:55 | Chimaera Roost |
| 6:57 | Chimaera Roost |
| 7:35 | Moon Well |
| 8:18 | Chimaera |
| 8:19 | Chimaera |
| 8:21 | Chimaera |
| 8:32 | Chimaera |
| 9:17 | Chimaera |
| 9:36 | Corrosive Breath |
| 10:14 | Chimaera |
| 11:06 | Chimaera |
| 11:49 | Chimaera |
| 11:57 | Trueshot Aura |
| 11:58 | Engineering Upgrade |
| 14:07 | Chimaera |
| 14:37 | Chimaera |
| 15:04 | Chimaera |
| 15:49 | Chimaera |
| 16:46 | Scroll of Town Portal |
| 17:49 | Chimaera |
| Select group | 965 |
| Right click | 671 |
| Select | 476 |
| Misc. action | 155 |
| Assign group | 137 |
| Build/train/purchase | 38 |
| Use ability | 38 |
| Minimap ping | 10 |
| Resource trade | 4 |

| Wisp | 31 | 1860 | / | 0 |
| Huntress | 10 | 1950 | / | 200 |
| total: | 41 | 3810g | / | 200w |
| Altar of Elders | 1 | 180 | / | 50 |
| Moon Well | 3 | 540 | / | 120 |
| Hunter's Hall | 1 | 210 | / | 100 |
| Ancient of War | 2 | 300 | / | 120 |
| Tree of Life | 3 | 1020 | / | 555 |
| Tree of Ages | 2 | 640 | / | 360 |
| total: | 10 | 2250g | / | 945w |
| 0:01 | Wisp |
| 0:01 | Wisp |
| 0:04 | Altar of Elders |
| 0:16 | Moon Well |
| 0:22 | Wisp |
| 0:36 | Wisp |
| 0:46 | Wisp |
| 0:57 | Wisp |
| 1:18 | Wisp |
| 1:22 | Hunter's Hall |
| 1:31 | Wisp |
| 1:43 | Ancient of War |
| 2:01 | Moon Well |
| 2:08 | Entangling Roots |
| 2:17 | Moon Well |
| 2:58 | Huntress |
| 3:00 | Huntress |
| 3:10 | Ancient of War |
| 3:13 | Wisp |
| 3:33 | Huntress |
| 3:58 | Tree of Life |
| 4:14 | Huntress |
| 4:16 | Wisp |
| 4:31 | Huntress |
| 4:35 | Ultravision |
| 4:55 | Thorns Aura |
| 5:28 | Huntress |
| 5:45 | Tree of Ages |
| 6:25 | Huntress |
| 7:37 | Entangling Roots |
| 9:29 | Huntress |
| 9:31 | Wisp |
| 9:32 | Wisp |
| 9:32 | Wisp |
| 9:55 | Huntress |
| 10:23 | Huntress |
| 10:47 | Wisp |
| 11:22 | Tree of Life |
| 11:46 | Tree of Life |
| 13:46 | Wisp |
| 13:46 | Wisp |
| 13:46 | Wisp |
| 13:46 | Wisp |
| 14:09 | Wisp |
| 14:27 | Wisp |
| 14:36 | Wisp |
| 14:40 | Wisp |
| 14:50 | Wisp |
| 14:56 | Wisp |
| 14:58 | Wisp |
| 15:29 | Wisp |
| 15:29 | Wisp |
| 15:29 | Wisp |
| 15:31 | Wisp |
| 15:31 | Wisp |
| 15:33 | Wisp |
| 15:57 | Tree of Ages |
| Right click | 520 |
| Select group | 282 |
| Select | 235 |
| Assign group | 128 |
| Build/train/purchase | 59 |
| Use ability | 58 |
| Resource trade | 43 |
| Misc. action | 19 |
| Esc | 5 |


| Rod of Necromancy | 2 | 300 |
| Sacrificial Skull | 1 | 50 |
| Ritual Dagger | 1 | 125 |
| Potion of Mana | 6 | 1200 |
| Potion of Healing | 3 | 450 |
| Scroll of Town Portal | 1 | 350 |
| total: | 14 | 2475g |
| Acolyte | 12 | 900 | / | 0 |
| Ghoul | 4 | 480 | / | 0 |
| Crypt Fiend | 8 | 1720 | / | 320 |
| Gargoyle | 18 | 3150 | / | 540 |
| total: | 42 | 6250g | / | 860w |
| Nerubian Tower | 4 | 400 | / | 80 |
| Spirit Tower | 4 | 580 | / | 160 |
| Crypt | 3 | 600 | / | 150 |
| Graveyard | 1 | 215 | / | 0 |
| Altar of Darkness | 3 | 540 | / | 150 |
| Ziggurat | 12 | 1800 | / | 600 |
| Tomb of Relics | 1 | 130 | / | 30 |
| Necropolis | 1 | 225 | / | 0 |
| Halls of the Dead | 1 | 320 | / | 210 |
| Black Citadel | 2 | 650 | / | 460 |
| total: | 21 | 3510g | / | 930w |
| 0:13 | Acolyte |
| 0:19 | Crypt |
| 0:28 | Graveyard |
| 0:38 | Acolyte |
| 1:06 | Altar of Darkness |
| 1:10 | Altar of Darkness |
| 1:14 | Ziggurat |
| 1:21 | Ghoul |
| 1:24 | Ziggurat |
| 1:47 | Tomb of Relics |
| 2:08 | Crypt Fiend |
| 2:38 | Crypt Fiend |
| 2:43 | Nerubian Tower |
| 3:12 | Carrion Beetles |
| 3:14 | Rod of Necromancy |
| 3:15 | Sacrificial Skull |
| 3:20 | Ghoul |
| 3:22 | Acolyte |
| 3:41 | Crypt Fiend |
| 4:32 | Ghoul |
| 4:33 | Halls of the Dead |
| 4:36 | Ziggurat |
| 5:16 | Impale |
| 5:30 | Ghoul |
| 5:48 | Spirit Tower |
| 5:51 | Ziggurat |
| 5:55 | Necropolis |
| 6:16 | Ziggurat |
| 6:43 | Ritual Dagger |
| 6:47 | Crypt Fiend |
| 7:26 | Carrion Beetles |
| 8:07 | Acolyte |
| 8:07 | Acolyte |
| 8:07 | Acolyte |
| 8:07 | Acolyte |
| 8:19 | Death Coil |
| 8:27 | Rod of Necromancy |
| 8:27 | Potion of Mana |
| 8:35 | Spirit Tower |
| 8:43 | Nerubian Tower |
| 9:06 | Crypt |
| 9:10 | Crypt |
| 10:07 | Creature Attack |
| 10:13 | Potion of Healing |
| 10:13 | Potion of Mana |
| 10:17 | Potion of Healing |
| 10:30 | Black Citadel |
| 10:40 | Gargoyle |
| 10:40 | Gargoyle |
| 10:47 | Web |
| 10:49 | Gargoyle |
| 10:49 | Gargoyle |
| 10:50 | Gargoyle |
| 10:50 | Gargoyle |
| 10:55 | Crypt Fiend |
| 10:55 | Crypt Fiend |
| 10:55 | Crypt Fiend |
| 11:22 | Altar of Darkness |
| 11:29 | Potion of Healing |
| 11:31 | Crypt Fiend |
| 11:48 | Potion of Mana |
| 12:09 | Gargoyle |
| 12:19 | Acolyte |
| 12:51 | Ziggurat |
| 13:28 | Ziggurat |
| 13:29 | Acolyte |
| 14:03 | Nerubian Tower |
| 14:04 | Acolyte |
| 14:05 | Acolyte |
| 14:09 | Ziggurat |
| 14:43 | Black Citadel |
| 14:46 | Creature Carapace |
| 14:50 | Acolyte |
| 15:45 | Gargoyle |
| 15:45 | Gargoyle |
| 15:46 | Gargoyle |
| 16:06 | Scroll of Town Portal |
| 16:09 | Ziggurat |
| 16:12 | Ziggurat |
| 16:15 | Ziggurat |
| 16:16 | Ziggurat |
| 16:19 | Improved Creature Attack |
| 16:27 | Potion of Mana |
| 16:27 | Potion of Mana |
| 16:27 | Potion of Mana |
| 16:47 | Improved Creature Carapace |
| 16:49 | Gargoyle |
| 16:49 | Gargoyle |
| 17:26 | Spirit Tower |
| 17:27 | Spirit Tower |
| 17:30 | Gargoyle |
| 17:30 | Gargoyle |
| 17:54 | Stone Form |
| 17:54 | Gargoyle |
| 17:54 | Gargoyle |
| 17:54 | Gargoyle |
| 18:13 | Gargoyle |
| Right click | 939 |
| Select group | 410 |
| Select | 368 |
| Build/train/purchase | 108 |
| Assign group | 34 |
| Use ability | 25 |
| Minimap ping | 11 |
| Item give/drop | 7 |